 Dungeon Crawl Stone Soup version 0.30-a0-358-g0d69a1922f (webtiles) character file.

Game seed: 16180835559719269087

62 PimpSugar the Magician (level 3, 0/24 HPs)
             Began as a Demonspawn Hedge Wizard on Nov 10, 2022.
             Slain by a gnoll
             ... wielding a +0 flail
              (9 damage)
             ... on level 2 of the Dungeon.
             The game lasted 00:04:46 (1251 turns).

PimpSugar the Magician (Demonspawn Hedge Wizard)    Turns: 1251, Time: 00:04:46

Health: 0/24       AC:  3    Str: 10    XL:     3   Next: 85%
Magic:  3/8        EV: 12    Int: 17    God:
Gold:   75         SH:  0    Dex: 12    Spells: 4/9 levels left

rFire   . . .      SeeInvis .    a - +0 dagger
rCold   . . .      Faith    .    (no shield)
rNeg    . . .      Spirit   .    b - +0 robe
rPois   .          Reflect  .    i - +0 helmet
rElec   .          Harm     .    (no cloak)
rCorr   .          Rampage  .    (no gloves)
Will    .....                    (no boots)
Stlth   ++........               (no amulet)
HPRegen 0.24/turn                (no ring)
MPRegen 0.11/turn                (no ring)

@: wereblooded
A: demonic touch 1
a: no special abilities


You were on level 2 of the Dungeon.
You visited 1 branch of the dungeon, and saw 2 of its levels.

You collected 75 gold pieces.

Inventory:

Hand Weapons
 a - a +0 dagger (weapon)
Missiles
 f - 18 stones (quivered)
 j - 6 poisoned darts
 l - 6 atropa-tipped darts
Armour
 b - a +0 robe (worn)
 c - a +0 hat
 i - a +0 helmet (worn)
Scrolls
 d - a scroll of identify {unknown}
Potions
 e - 3 potions of curing {unknown}
 g - a potion of mutation {unknown}
 h - a potion of ambrosia {unknown}


   Skills:
 + Level 0.0 Fighting
 - Level 1.7 Dodging
 - Level 1.7 Stealth
 * Level 3.7 Spellcasting
 * Level 2.5 Conjurations
 + Level 1.5 Summonings
 + Level 0.8 Translocations
 + Level 0.0 Transmutations


You had 4 spell levels left.
You knew the following spells:

 Your Spells              Type           Power      Damage    Failure   Level
a - Magic Dart            Conj           44%        1d5       6%          1
b - Call Imp              Summ           8%         N/A       13%         2
c - Wereblood             Tmut           3%         N/A       24%         2

Your spell library contained the following spells:

 Spells                   Type           Power      Damage    Failure   Level
 Slow                     Hex            12%        N/A       16%         1
 Blink                    Tloc           12%        N/A       17%         2
 Cigotuvi's Dreadful Rot  Necr/Pois/Air  6%         N/A       24%         2
 Sublimation of Blood     Necr           3%         N/A       24%         2
 Mephitic Cloud           Conj/Pois/Air  6%         N/A       34%         3
 Summon Hydra             Summ           4%         N/A       100%        7


Dungeon Overview and Level Annotations

Branches:
Dungeon (2/15)

Altars:


Innate Abilities, Weirdness & Mutations

Your touch may inflict minor irresistible damage on your foes.


Message History

You kill the ball python!
j - 6 poisoned darts (gained 2) Magic restored.
Found a scroll labelled KAWURE QEZANG.
The gnoll shouts!
You hear a shout!
A gnoll comes into view. It is wielding a +0 halberd.
Casting: Magic Dart (safe; 6% risk of failure)
Confirm with . or Enter, or press ? or * to list all spells.
Aiming: Magic Dart (safe; 6% risk of failure)
Press: ? - help, Shift-Dir - straight line, f - gnoll
Aim: a gnoll, wielding a +0 club (100% to hit)
The magic dart hits the gnoll but does no damage.
The gnoll shouts!
Casting: Magic Dart (safe; 6% risk of failure)
Confirm with . or Enter, or press ? or * to list all spells.
Aiming: Magic Dart (safe; 6% risk of failure)
Press: ? - help, Shift-Dir - straight line, f/p - gnoll
Aim: a gnoll, wielding a +0 club (100% to hit)
The magic dart hits the gnoll.
The gnoll is lightly wounded.
Casting: Magic Dart (safe; 6% risk of failure)
Confirm with . or Enter, or press ? or * to list all spells.
A metallic apparition takes form in the air.
A gnoll comes into view. It is wielding a +0 flail.
Casting: Call Imp (safe; 13% risk of failure)
Confirm with . or Enter, or press ? or * to list all spells.
The spell is quite dangerous to miscast (24% risk of failure)!
Continue anyway?
Your blood is infused with primal strength.
The gnoll shouts!
You hit the gnoll but do no damage.
You touch the gnoll!
The gnoll is severely wounded.
Your iron imp barely misses the gnoll.
The gnoll hits you with a +0 halberd!
You hit the gnoll.
The gnoll is almost dead.
The gnoll hits you with a +0 flail!
Your iron imp hits the gnoll.
The gnoll closely misses you.
You hit the gnoll but do no damage. Your touch misses the gnoll.
The gnoll is almost dead.
The gnoll hits you with a +0 flail!
You die...

##########.........#....
#...............##......
#.........#.............
#.........#.....#####...
#.........#####...###...
#............####.......
#........###......#.....
#####..5## ####....)..
#.#@g# ###..... #.##g#
#.)... . g.#
#######)..). ..
..?........>.... ..
......).#######. #..
....... #####. .......
###.....
..............#.
...###...


You could see 3 gnolls and a friendly iron imp (summoned).

Vanquished Creatures
  An adder (D:2)
  A dart slug (D:1)
  2 endoplasms
  8 goblins
  2 hobgoblins (D:2)
  2 quokkas (D:1)
  4 ball pythons
  4 bats
  3 frilled lizards
  3 rats
30 creatures vanquished.

Vanquished Creatures (collateral kills)
  Robin (D:2)
  A dart slug (D:1)
  A giant cockroach (D:1)
  2 goblins (D:2)
  A hobgoblin (D:1)
  A kobold (D:2)
7 creatures vanquished.

Grand Total: 37 creatures vanquished

Notes
Turn   | Place    | Note
-------+----------+-------------------------------------------
     0 | D:1      | PimpSugar the Demonspawn Hedge Wizard began the quest for
                  | the Orb.
     0 | D:1      | Reached XP level 1. HP: 13/13 MP: 4/4
   266 | D:1      | Gained mutation: Your touch may inflict minor irresistible
                  | damage on your foes. [demonic ancestry]
   266 | D:1      | Reached XP level 2. HP: 19/19 MP: 1/6
   287 | D:1      | Learned a level 2 spell: Call Imp
  1040 | D:2      | Reached XP level 3. HP: 24/24 MP: 2/8
  1041 | D:2      | Noticed Robin
  1052 | D:2      | Killed Robin
  1192 | D:2      | Learned a level 2 spell: Wereblood
  1251 | D:2      | Slain by a gnoll

Illustrated notes

Levels and vault maps discovered:
D:1:      dpeg_arrival_rooms_b, layout_rooms, minmay_tree_intersection,
          minmay_tetromino_l2
D:2:      layout_rooms, uniq_robin

Skill      XL: |  1  2 |
---------------+-------+-----
Conjurations   | 2 |  2.5
Dodging        | |  1.7
Stealth        | |  1.7
Spellcasting   | |  3.7
Summonings     | |  1.5
Translocations | |  0.8

Action                   || total
-------------------------++-------
Melee: Dagger            ||    42
       Touch             ||     3
 Cast: Magic Dart        ||    49
       Call Imp          ||     4
       Wereblood         ||     1
  Use: Scroll            ||     4
       Potion            ||     1
 Stab: Sleeping          ||     1
Armor: Robe              ||     6
Dodge: Dodged            ||    35

Table legend: (Time is in decaauts)
 A = Elapsed time spent in this place.
 B = Non-inter-level travel time spent in this place.
 C = Inter-level travel time spent in this place.
 D = Time resting spent in this place.
 E = Time spent auto-exploring this place.
 F = Levels seen in this place.
 G = Mean time per level.
                   A        B        C        D        E       F      G
               +--------+--------+--------+--------+--------+-----+--------+
         Total |   1250 |   1224 |     26 |    225 |    651 |   2 |  625.0 |
       Dungeon |   1250 |   1224 |     26 |    225 |    651 |   2 |  625.0 |
               +--------+--------+--------+--------+--------+-----+--------+

Top non-repeatable levels by time:
     D:1: 1002 daAuts
     D:2: 248 daAuts
